 Dungeon Crawl Stone Soup version 0.30-a0-824-g6c64550be9 (webtiles) character file.

Game seed: 16195557305856540920

4152 qeuew the Slasher (level 10, -5/79 HPs)
             Began as a Demonspawn Monk on Feb 27, 2023.
             Was a Believer of Ashenzari.
             Slain by a two-headed ogre
             ... wielding a +0 giant club
              (22 damage)
             ... on level 9 of the Dungeon.
             The game lasted 00:12:30 (7841 turns).

qeuew the Slasher (Demonspawn Monk)                 Turns: 7841, Time: 00:12:30

Health: -5/79      AC:  9    Str: 21    XL:     10   Next: 7%
Magic:  10/10      EV: 17    Int: 11    God:    Ashenzari [**....]
Gold:   363        SH:  4    Dex: 23    Spells: 9/9 levels left

rFire   . . .      SeeInvis +    g - +0 scimitar
rCold   . . .      Faith    .    (no shield)
rNeg    . . .      Spirit   .    d - +1 ring mail of the Eternal Comet {Self, Cun} (curse)
rPois   .          Reflect  .    (helmet restricted)
rElec   .          Harm     .    (no cloak)
rCorr   .          Rampage  .    (no gloves)
Will    .....                    (no boots)
Stlth   ++                       (no amulet)
HPRegen 1.13/turn                b - ring "Ruined With Me" {Dex+6, Fort, Evo} (curse)
MPRegen 0.12/turn                a - ring "Clairvoyant Loss" {Str+6, Cun, Melee} (curse)

@: slowed, very slow
A: claws 2, thin metallic scales 1, condensation shield, horns 1, see invisible,
regeneration 1, MP-powered wands
a: Renounce Religion, Shatter the Chains


You were on level 9 of the Dungeon.
You worshipped Ashenzari.
Ashenzari was pleased with you.
You visited 2 branches of the dungeon, and saw 10 of its levels.
You also visited: Sewer.

You collected 363 gold pieces.

Inventory:

Hand Weapons
 g - a +0 scimitar (weapon)
 y - a +4 great sword
Missiles
 v - 2 throwing nets
Armour
 d - the cursed +1 ring mail of the Eternal Comet (worn) {Self, Cun}
   (You found it on level 2 of the Dungeon)

   It has a curse which improves the following skills: Introspection: Fighting
   and Spellcasting.
   Cunning:   Dodging and Stealth.
Jewellery
 a - the cursed ring "Clairvoyant Loss" (right claw) {Str+6, Cun, Melee}
   (You found it on level 6 of the Dungeon)

   [ring of strength]

   Str:       It affects your strength (+6).
   It has a curse which improves the following skills: Cunning: Dodging and
   Stealth.
   Melee Combat: Short Blades, Long Blades, Axes, Maces & Flails, Polearms,
   Staves and Unarmed Combat.
 b - the cursed ring "Ruined With Me" (left claw) {Dex+6, Fort, Evo}
   (You found it on level 3 of the Dungeon)

   [ring of dexterity]

   Dex:       It affects your dexterity (+6).
   It has a curse which improves the following skills: Fortitude: Armour and
   Shields.
   Evocations: Evocations.
 w - an amulet of the acrobat
Wands
 h - a wand of mindburst (18) (quivered)
 s - a wand of paralysis (8)
 t - a wand of iceblast (20)
Scrolls
 j - a scroll of teleportation
 k - a scroll of enchant weapon
 l - 2 scrolls of identify
 o - a scroll of fog
 p - 3 scrolls of blinking
 q - 2 scrolls of magic mapping
 u - a scroll of fear
 x - 2 scrolls of amnesia
Potions
 c - a potion of haste
 e - 2 potions of brilliance
 f - a potion of mutation
 i - a potion of berserk rage
 m - 2 potions of ambrosia
 n - a potion of curing
 r - 2 potions of magic
 z - a potion of flight
 A - a potion of might


   Skills:
 + Level 6.3(7.6) Fighting
 * Level 7.7(9.0) Long Blades
 * Level 7.1(8.4) Armour
 + Level 5.8(7.7) Dodging
 - Level 1.7(3.1) Stealth
 + Level 4.9(6.1) Evocations


You had 9 spell levels left.
You didn't know any spells.
Your spell library contained the following spells:

 Spells                   Type           Power      Damage    Failure   Level
 Slow                     Hex            0%         N/A       47%         1
 Sublimation of Blood     Necr           0%         N/A       63%         2
 Wereblood                Tmut           0%         N/A       63%         2
 Confusing Touch          Hex            0%         N/A       85%         3
 Ignite Poison            Fire/Tmut/Pois 0%         N/A       85%         3
 Kindle Blastsparks       Fire/Tloc/Air  0%         2d10      85%         3
 Summon Guardian Golem    Hex/Summ       0%         N/A       85%         3
 Vampiric Draining        Necr           0%         2d6       85%         3
 Vhi's Electric Charge    Tloc/Air       0%         N/A       85%         3
 Petrify                  Tmut/Erth      0%         N/A       99%         4
 Arcjolt                  Conj/Air       0%         1d10      100%        5
 Freezing Cloud           Conj/Ice/Air   0%         6-21      100%        5
 Irradiate                Conj/Tmut      0%         3d11      100%        5
 Orb of Destruction       Conj           0%         9d5       100%        7
 Spellforged Servitor     Conj/Summ      0%         N/A       100%        7
 Summon Hydra             Summ           0%         N/A       100%        7
 Maxwell's Capacitive Co  Air            0%         ∞         100%        8


Dungeon Overview and Level Annotations

Branches:
Dungeon (9/15)             Temple (1/1) D:4            Lair (0/5) D:8
  Sewer (visited)
    Orc: D:9-12

Altars:
Ashenzari
Cheibriados
Dithmenos
Fedhas
Gozag
Hepliaklqana
Kikubaaqudgha
Makhleb
Okawaru
Qazlal
Ru
Sif Muna
Trog
Uskayaw
Vehumet
Wu Jian
Xom
Yredelemnul

Shops:
D:7 !

Annotations:
D:4 3 runed translucent doors, SirDiesAlot's ghost, amateur DsAr


Innate Abilities, Weirdness & Mutations

You have very sharp fingernails.
You are partially covered in thin metallic scales. (AC +2)
A meltable shield of frost defends you. (SH +4)
You have a pair of small horns on your head.
You have supernaturally acute eyesight. (SInv)
Your natural rate of healing is unusually fast.
You expend magic power (3 MP) to strengthen your wands.


Message History

The wraith hits you. The wraith drains your vigour!
You feel yourself slow down. You block the kobold's attack.
You slash the wraith!
You headbutt the wraith, but do no damage.
The wraith is heavily damaged.
The wraith completely misses you. The kobold barely misses you.
You hit the wraith.
The wraith is heavily damaged.
You block the kobold's attack. You block the wraith's attack.
The wraith hits you.
You closely miss the wraith.
The wraith is heavily damaged.
The kobold hits you but does no damage. The wraith closely misses you.
You hit the wraith.
The wraith is severely damaged.
The kobold closely misses you. You block the two-headed ogre's attack.
The two-headed ogre hits you with a +0 giant club!!
The wraith closely misses you. x2; The kobold barely misses you.
You hit the wraith.
You headbutt the wraith, but do no damage.
The wraith is severely damaged.
You block the two-headed ogre's attack. The two-headed ogre misses you.
The kobold closely misses you. The wraith closely misses you.
You slash the wraith!
The wraith is almost destroyed.
The two-headed ogre barely misses you.
The two-headed ogre hits you with a +0 giant club!
The wraith hits you. The kobold hits you but does no damage.
You slash the wraith!
You destroy the wraith!
The kobold hits you but does no damage. The two-headed ogre barely misses you.
The two-headed ogre misses you. The kobold completely misses you.
You block the kobold's attack.
You barely miss the two-headed ogre.
You headbutt the two-headed ogre, but do no damage.
The kobold misses you.
The two-headed ogre hits you with a +0 giant club!!
* * * LOW HITPOINT WARNING * * *
The two-headed ogre hits you with a +0 giant club!!
You die...

*,, , , * , ,
*,, ,, ####### *
##.....##,. * +
##.......#..# ,
, #....<......#
* #.♣.....♣..##*
#..K@K...... ,
#....O♣K♣......
,
................
, , * , ,
#....♣.....♣...#
,, , ,
##......<.......
#..*.......#...
....##. ...## .
, , ,...,
##*#### ,


You could see a two-headed ogre and 3 kobolds.

Vanquished Creatures
  A hornet (D:8)
  Prince Ribbit (D:8)
  A wyvern (D:7)
  A wraith (D:9)
  Sigmund (D:3)
  A yak (D:8)
  Eustachio (D:5)
  Edmund (D:5)
  3 water moccasins
  Pargi (Sewer)
  3 ice beasts
  An orc warrior (D:6)
  2 ogres
  A phantom (D:4)
  A kobold brigand (D:9)
  4 necrophages
  3 scorpions
  4 killer bees (D:7)
  3 wights (D:8)
  5 howler monkeys
  A jelly (D:5)
  2 orc priests
  5 hounds
  3 gnoll boudas
  2 iguanas
  Ijyb (D:5)
  5 orc wizards
  12 gnolls
  11 adders
  A shadow imp (D:6)
  A white imp (D:6)
  A worm (D:2)
  3 dart slugs (D:3)
  21 orcs
  7 ball pythons
  10 bats
  8 endoplasms
  5 giant cockroaches
  7 goblins
  6 hobgoblins
  3 jackals (D:2)
  5 quokkas
  A frilled lizard (D:1)
  9 kobolds
  8 rats
177 creatures vanquished.

Notes
Turn   | Place    | Note
-------+----------+-------------------------------------------
     0 | D:1      | qeuew the Demonspawn Monk began the quest for the Orb.
     0 | D:1      | Reached XP level 1. HP: 18/18 MP: 1/1
   178 | D:1      | Gained mutation: You are partially covered in thin metallic
                  | scales. (AC +2) [demonic ancestry]
   178 | D:1      | Reached XP level 2. HP: 23/24 MP: 2/2
   267 | D:1      | Reached skill level 1 in Armour
   659 | D:1      | Gained mutation: You have hidden genetic potential. [potion
                  | of mutation]
   659 | D:1      | Gained mutation: You have supernaturally acute eyesight.
                  | (SInv) [potion of mutation]
   897 | D:2      | Gained mutation: You have sharp fingernails. [demonic
                  | ancestry]
   897 | D:2      | Reached XP level 3. HP: 29/29 MP: 3/3
   965 | D:2      | Gained mutation: You have great hidden genetic potential.
                  | [hidden potential]
  1284 | D:2      | Reached XP level 4. HP: 34/35 MP: 4/4
  1590 | D:3      | Gained mutation: You have a pair of small horns on your
                  | head. [hidden potential]
  1590 | D:3      | Lost mutation: You have great hidden genetic potential.
                  | [hidden potential expressed]
  1637 | D:3      | Found a glowing drain.
  1646 | Sewer    | Entered a sewer
  1689 | Sewer    | Noticed Pargi
  1702 | Sewer    | Killed Pargi
  1703 | Sewer    | Reached XP level 5. HP: 22/42 MP: 5/5
  1713 | Sewer    | Gained mutation: You expend magic power (3 MP) to
                  | strengthen your wands. [hidden potential]
  2075 | D:3      | Identified the +4 whip "Yptiph" {antimagic, Fly rElec}
  2432 | D:3      | Noticed Sigmund
  2441 | D:3      | Killed Sigmund
  2442 | D:3      | Reached skill level 1 in Evocations
  2442 | D:3      | Reached XP level 6. HP: 39/48 MP: 6/6
  2453 | D:3      | Gained mutation: Your natural rate of healing is unusually
                  | fast. [hidden potential]
  2453 | D:3      | Lost mutation: You have hidden genetic potential. [hidden
                  | potential expressed]
  2616 | D:3      | Identified the +3 hand axe of the Undead {freeze, rPois
                  | Str+2 Int+4 Stlth-}
  2775 | D:4      | Reached XP level 7. HP: 54/54 MP: 7/7
  2798 | D:4      | Found a staircase to the Ecumenical Temple.
  2811 | Temple   | Entered the Ecumenical Temple
  3063 | Temple   | Became a worshipper of Ashenzari the Shackled
  3342 | D:4      | Found a radiant altar of Vehumet.
  3493 | D:4      | Found a runed translucent gate.
  3494 | D:4      | Found a runed translucent gate.
  3496 | D:4      | Found a runed translucent gate.
  3496 | D:4      | Noticed SirDiesAlot's ghost (amateur DsAr)
  3918 | D:5      | Entered Level 5 of the Dungeon
  3932 | D:5      | Noticed Ijyb
  3942 | D:5      | Killed Ijyb
  3987 | D:5      | Found a stormy altar of Qazlal.
  4199 | D:5      | Reached skill level 5 in Long Blades
  4402 | D:5      | Noticed Edmund
  4423 | D:5      | Killed Edmund
  4424 | D:5      | Gained mutation: You have very sharp fingernails. [demonic
                  | ancestry]
  4424 | D:5      | Reached XP level 8. HP: 45/61 MP: 8/8
  4690 | D:5      | Noticed Eustachio
  4728 | D:5      | Killed Eustachio
  5441 | D:6      | Reached skill level 5 in Fighting
  5441 | D:6      | Reached skill level 5 in Armour
  5441 | D:6      | Reached * piety under Ashenzari
  5800 | D:6      | Reached ** piety under Ashenzari
  6109 | D:6      | Reached XP level 9. HP: 35/71 MP: 9/9
  6290 | D:7      | Reached skill level 5 in Dodging
  6731 | D:7      | Found Ysaragik's Distillery.
  6777 | D:7      | Identified the +5 scale mail of Weightlessness {rElec rF-
                  | rN+ Int+3}
  7150 | D:8      | Paralysed by a hornet for 2 turns
  7501 | D:8      | Noticed Prince Ribbit
  7514 | D:8      | Killed Prince Ribbit
  7684 | D:8      | Found a staircase to the Lair.
  7692 | D:8      | Gained mutation: A meltable shield of frost defends you.
                  | (SH +4) [demonic ancestry]
  7692 | D:8      | Reached XP level 10. HP: 79/79 MP: 10/10
  7833 | D:9      | Noticed a two-headed ogre
  7841 | D:9      | Slain by a two-headed ogre

Illustrated notes

Levels and vault maps discovered:
D:1:      amcnicky_arrival_wind_blow, layout_basic
D:2:      layout_loops_cross
D:3:      layout_loops_ring, gup_sewer_entry_pipe, corexii_shack,
          minmay_randomly_rotated_circles, uniq_sigmund
D:4:      layout_basic, kennysheep_mini, minmay_temple_entry_offerings,
          ebering_ghost_rock_garden
D:5:      layout_layer_cave, nicolae_qazlal_scattered_showers, uniq_ijyb,
          uniq_edmund, uniq_eustachio
D:6:      layout_cave_pods
D:7:      layout_basic, serial_shops, shop, serial_glass, glass_columns_a,
          glass_columns_a, glass_columns_b
D:8:      layout_loops_ring, lair_entry_dummy, dreamdust_gnoll_shepherd,
          uniq_prince_ribbit1
D:9:      layout_cave_pools, mainiacjoe_overflow_alcove_4, serial_shops,
          shop_fountains, enter_bailey_5, skrybe_limestone_x,
          grunt_ministairs_10
Temple:   compressed_dpeg_triangle_lava_temple

Skill      XL: |  1  2  3  4  5  6  7  8  9 |
---------------+----------------------------+-----
Armour         | 1 2 3 4 5 7 |  7.1
Long Blades    | 3 4 5 6 7 |  7.7
Dodging        | 3 4 5 |  5.8
Fighting       | 4 5 6 |  6.3
Evocations     | 1 2 3 4 |  4.9
Stealth        | |  1.7

Action                     |  1- 3 |  4- 6 |  7- 9 | 10-12 || total
---------------------------+-------+-------+-------+-------++-------
  Melee: Falchion          |   115 |   142 |   244 |       ||   501
         Punch             |     2 |       |     6 |       ||     8
         Headbutt          |       |    25 |   102 |     5 ||   132
         Scimitar          |       |       |   203 |    22 ||   225
 Invoke: Curse Item        |       |       |     4 |       ||     4
         Shatter the Chain |       |       |     1 |       ||     1
  Evoke: Wand              |       |       |     1 |       ||     1
    Use: Scroll            |     6 |     6 |     3 |       ||    15
         Potion            |     2 |     5 |     7 |       ||    14
   Stab: Sleeping          |     5 |     4 |     3 |       ||    12
         Distracted        |       |       |     2 |       ||     2
 Armour: Robe              |    10 |       |       |       ||    10
         Ring mail         |    46 |    59 |   159 |     8 ||   272
  Dodge: Dodged            |    83 |   108 |   410 |    33 ||   634
  Block: Other             |       |       |       |     9 ||     9

Table legend: (Time is in decaauts)
 A = Elapsed time spent in this place.
 B = Non-inter-level travel time spent in this place.
 C = Inter-level travel time spent in this place.
 D = Time resting spent in this place.
 E = Time spent auto-exploring this place.
 F = Levels seen in this place.
 G = Mean time per level.
                   A        B        C        D        E       F      G
               +--------+--------+--------+--------+--------+-----+--------+
         Total |   7920 |   7469 |    451 |    100 |   5887 |  11 |  720.0 |
       Dungeon |   7473 |   7050 |    423 |    100 |   5547 |   9 |  830.3 |
        Temple |    271 |    243 |     28 |      0 |    228 |   1 |  271.0 |
         Sewer |    175 |    175 |      0 |      0 |    112 |   1 |  175.0 |
               +--------+--------+--------+--------+--------+-----+--------+

Top non-repeatable levels by time:
     D:5: 1446 daAuts
     D:4: 981 daAuts
     D:3: 979 daAuts
     D:6: 919 daAuts
     D:8: 897 daAuts
     D:2: 822 daAuts
     D:1: 731 daAuts
     D:7: 673 daAuts
  Temple: 271 daAuts
   Sewer: 175 daAuts
     D:9: 22 daAuts
